GULF
CLEARWATER THRESHERS @ PORT ARTHUR PIRATES
07/18/1982
 
TOP OF THE 1ST
Clearwater Threshers batting - Pitching for Port Arthur Pirates : RHP Armando Prieto
Pitching: RHP Armando Prieto
Batting: LHB Tom Jones 0-0: Called Strike
0-1: Ball
1-1: Foul Ball, location: 2F
1-2: Ball
2-2: Ground out U3 (Groundball, 34S, EV 91.9 MPH)
Batting: RHB Vincent Beringhele 0-0: Called Strike
0-1: Ball
1-1: Fly out, F5 (Line Drive, 5, EV 69.4 MPH)
Batting: RHB Roy Wolfe 0-0: Ball
1-0: Fly out, F9 (Flyball, 9LD, EV 90.0 MPH)
Top of the 1st over - 0 runs, 0 hits, 0 errors, 0 left on base; Clearwater 0 - Port Arthur 0
BOTTOM OF THE 1ST
Port Arthur Pirates batting - Pitching for Clearwater Threshers : RHP Ray Pacheco
Pitching: RHP Ray Pacheco
Batting: SHB Geoff Doggett 0-0: Ball
1-0: Called Strike
1-1: Ball
2-1: Called Strike
2-2: DOUBLE (Line Drive, 3D, EV 95.6 MPH)
Batting: RHB Billy Ripken 0-0: Ball
1-0: Ball
2-0: SINGLE (Groundball, 4D, EV 107.5 MPH)
Geoff Doggett to third
Runner from 3rd tries for Home, SAFE, throw by CF to home
Billy Ripken to second
Batting: RHB Steve Stanicek 0-0: Called Strike
0-1: Foul Ball, location: 2F
0-2: Ball
1-2: Ball
2-2: Foul Ball, location: 2F
2-2: Ball
3-2: Strikes out swinging
Batting: LHB Dan Aruca 0-0: Ball
1-0: Called Strike
1-1: Called Strike
1-2: Ground out 6-3 (Groundball, 4M, EV 90.0 MPH)
Billy Ripken to third
Batting: LHB Allen Peake 0-0: Ball
1-0: Foul Ball, location: 2F
1-1: Foul Ball, location: 2F
1-2: Ball
2-2: Foul Ball, location: 2F
2-2: Ball
3-2: Fly out, F7 (Flyball, 7LD, EV 91.9 MPH)
Bottom of the 1st over - 1 run, 2 hits, 0 errors, 1 left on base; Clearwater 0 - Port Arthur 1
TOP OF THE 2ND
Clearwater Threshers batting - Pitching for Port Arthur Pirates : RHP Armando Prieto
Batting: RHB Ralph Antone 0-0: Called Strike
0-1: Ball
1-1: Fly out, F8 (Flyball, 8RXD, EV 86.3 MPH)
Batting: RHB John Smith 0-0: Foul Ball, location: 2F
0-1: Called Strike
0-2: Ball
1-2: Foul Ball, location: 2F
1-2: Ball
2-2: DOUBLE (Groundball, 5L, EV 108.8 MPH)
Batting: RHB Cliff Pastornicky 0-0: Ball
1-0: Ball
2-0: Ground out 6-3 (Groundball, 6, EV 88.1 MPH)
Batting: RHB Pete Piskol 0-0: Called Strike
0-1: Swinging Strike
0-2: Ground out 6-3 (Groundball, 4M, EV 97.5 MPH)
Top of the 2nd over - 0 runs, 1 hit, 0 errors, 1 left on base; Clearwater 0 - Port Arthur 1
BOTTOM OF THE 2ND
Port Arthur Pirates batting - Pitching for Clearwater Threshers : RHP Ray Pacheco
Batting: RHB Pedro LaTorre 0-0: Ball
1-0: Ball
2-0: Ball
3-0: Base on Balls
Batting: LHB Chris Rehbaum 0-0: Ball
1-0: Ball
2-0: Foul Ball, location: 2F
2-1: Ground out U3 (Groundball, 13, EV 80.0 MPH)
Pedro LaTorre to second
Batting: RHB Michael Kwiecinski 0-0: Ball
Pedro LaTorre steals 3rd base
1-0: Foul Ball, location: 2F
1-1: Swinging Strike
1-2: Ball
2-2: Foul Ball, location: 2F
2-2: Foul Ball, location: 2F
2-2: Ball
3-2: Strikes out swinging
Batting: RHB Keith Fisher 0-0: Ball
1-0: Foul Ball, location: 2F
1-1: Foul Ball, location: 2F
1-2: Strikes out looking
Bottom of the 2nd over - 0 runs, 0 hits, 0 errors, 1 left on base; Clearwater 0 - Port Arthur 1
TOP OF THE 3RD
Clearwater Threshers batting - Pitching for Port Arthur Pirates : RHP Armando Prieto
Batting: RHB Drungo Hazewood 0-0: Called Strike
0-1: Ball
1-1: Called Strike
1-2: Ground out 4-3 (Groundball, 4S, EV 86.9 MPH)
Batting: RHB Pedro Hernandez 0-0: SINGLE (Groundball, 4, EV 83.8 MPH) (infield hit)
Batting: LHB Tom Jones 0-0: Ball
1-0: Called Strike
1-1: Ball
2-1: Foul Ball, location: 2F
2-2: Foul Ball, location: 2F
2-2: Strikes out swinging
Batting: RHB Vincent Beringhele 0-0: Called Strike
0-1: Fly out, F8 (Flyball, 8RM, EV 92.5 MPH)
Top of the 3rd over - 0 runs, 1 hit, 0 errors, 1 left on base; Clearwater 0 - Port Arthur 1
BOTTOM OF THE 3RD
Port Arthur Pirates batting - Pitching for Clearwater Threshers : RHP Ray Pacheco
Batting: SHB Geoff Doggett 0-0: Ball
1-0: Foul Ball, location: 2F
1-1: Foul Ball, location: 2F
1-2: Fly out, F8 (Flyball, 8LD, EV 80.6 MPH)
Batting: RHB Billy Ripken 0-0: Called Strike
0-1: Called Strike
0-2: Foul Ball, location: 2F
0-2: SINGLE (Groundball, P, EV 89.4 MPH) (infield hit)
Batting: RHB Steve Stanicek 0-0: Ball
1-0: Fly out, F8 (Flyball, 8RM, EV 85.0 MPH)
Batting: LHB Dan Aruca 0-0: Fly out, F9 (Flyball, 9S, EV 82.5 MPH)
Bottom of the 3rd over - 0 runs, 1 hit, 0 errors, 1 left on base; Clearwater 0 - Port Arthur 1
TOP OF THE 4TH
Clearwater Threshers batting - Pitching for Port Arthur Pirates : RHP Armando Prieto
Batting: RHB Roy Wolfe 0-0: Ball
1-0: Ball
2-0: Ball
3-0: Called Strike
3-1: Fly out, F7 (Line Drive, 7, EV 91.3 MPH)
Batting: RHB Ralph Antone 0-0: Ball
1-0: Ball
2-0: Foul Ball, location: 2F
2-1: Called Strike
2-2: Foul Ball, location: 2F
2-2: Ball
3-2: Base on Balls
Batting: RHB John Smith 0-0: Called Strike
0-1: Foul Ball, location: 2F
0-2: Ball
1-2: Ball
2-2: Ground out 6-3 (Groundball, 56D, EV 96.9 MPH)
Ralph Antone to second
Batting: RHB Cliff Pastornicky 0-0: Ball
1-0: Ball
2-0: Ball
3-0: Called Strike
3-1: Ground out U3 (Groundball, 3, EV 87.5 MPH)
Top of the 4th over - 0 runs, 0 hits, 0 errors, 1 left on base; Clearwater 0 - Port Arthur 1
BOTTOM OF THE 4TH
Port Arthur Pirates batting - Pitching for Clearwater Threshers : RHP Ray Pacheco
Batting: LHB Allen Peake 0-0: Foul Ball, location: 2F
0-1: Ball
1-1: Ball
2-1: Ball
3-1: Foul Ball, location: 2F
3-2: Foul Ball, location: 2F
3-2: Base on Balls
Batting: RHB Pedro LaTorre 0-0: Called Strike
0-1: Ball
1-1: Ball
2-1: Ball
3-1: Base on Balls
Allen Peake to second
Batting: LHB Chris Rehbaum 0-0: Ball
1-0: Swinging Strike
1-1: Foul Ball, location: 2F
1-2: Strikes out swinging
Batting: RHB Michael Kwiecinski 0-0: Called Strike
0-1: Ball
1-1: Reached on error, E5 (Groundball, 56S, EV 71.9 MPH)
Allen Peake to third
Pedro LaTorre to second
Batting: RHB Keith Fisher 0-0: Foul Ball, location: 2F
0-1: Ball
1-1: Called Strike
1-2: Foul Ball, location: 2F
1-2: Ball
2-2: Ball
3-2: Foul Ball, location: 2F
3-2: Strikes out swinging
Batting: SHB Geoff Doggett 0-0: Fly out, F8 (Line Drive, 8RM, EV 89.4 MPH)
Bottom of the 4th over - 0 runs, 0 hits, 1 error, 3 left on base; Clearwater 0 - Port Arthur 1
TOP OF THE 5TH
Clearwater Threshers batting - Pitching for Port Arthur Pirates : RHP Armando Prieto
Batting: RHB Pete Piskol 0-0: Called Strike
0-1: Ball
1-1: Swinging Strike
1-2: Strikes out swinging
Batting: RHB Drungo Hazewood 0-0: Ball
1-0: Ball
2-0: Ball
3-0: Called Strike
3-1: Foul Ball, location: 2F
3-2: Ground out 3-1 (Groundball, 34, EV 93.8 MPH)
Batting: RHB Pedro Hernandez 0-0: Ball
1-0: Foul Ball, location: 2F
1-1: SINGLE (Groundball, 4M, EV 104.4 MPH)
Batting: LHB Tom Jones 0-0: Called Strike
0-1: Called Strike
0-2: Ball
1-2: Ground out U3 (Groundball, 3, EV 85.6 MPH)
Top of the 5th over - 0 runs, 1 hit, 0 errors, 1 left on base; Clearwater 0 - Port Arthur 1
BOTTOM OF THE 5TH
Port Arthur Pirates batting - Pitching for Clearwater Threshers : RHP Ray Pacheco
Batting: RHB Billy Ripken 0-0: Ball
1-0: SINGLE (Flyball, 6D, EV 93.1 MPH)
Batting: RHB Steve Stanicek 0-0: SINGLE (Line Drive, 9S, EV 108.8 MPH)
Billy Ripken to second
Batting: LHB Dan Aruca 0-0: Ball
1-0: Ball
2-0: Ball
3-0: Base on Balls
Billy Ripken to third
Steve Stanicek to second
Batting: LHB Allen Peake 0-0: Foul Ball, location: 2F
0-1: Swinging Strike
0-2: Ball
1-2: Foul Ball, location: 2F
1-2: Foul Ball, location: 2F
1-2: Foul Ball, location: 2F
1-2: Strikes out swinging
Batting: RHB Pedro LaTorre 0-0: Ball
1-0: Fly out, F7 (Flyball, 7LS, EV 78.1 MPH)
Batting: LHB Chris Rehbaum 0-0: Ball
1-0: Fielders Choice at 2nd, 6-4 (Groundball, 6, EV 89.4 MPH)
Bottom of the 5th over - 0 runs, 2 hits, 0 errors, 3 left on base; Clearwater 0 - Port Arthur 1
TOP OF THE 6TH
Clearwater Threshers batting - Pitching for Port Arthur Pirates : RHP Armando Prieto
Batting: RHB Vincent Beringhele 0-0: Foul Ball, location: 2F
0-1: Ball
1-1: Ball
2-1: Foul Ball, location: 2F
2-2: Ball
3-2: Ground out 6-3 (Groundball, 56D, EV 100.0 MPH)
Batting: RHB Roy Wolfe 0-0: Foul Ball, location: 2F
0-1: SOLO HOME RUN (Flyball, 78XD, EV 100.6 MPH), Distance : 432 ft
Batting: RHB Ralph Antone 0-0: Ball
1-0: Swinging Strike
1-1: Foul Ball, location: 2F
1-2: Ball
2-2: Ball
3-2: Ground out 1-3 (Groundball, 13S, EV 68.1 MPH)
Batting: RHB John Smith 0-0: Ground out 4-3 (Groundball, 4, EV 100.6 MPH)
Top of the 6th over - 1 run, 1 hit, 0 errors, 0 left on base; Clearwater 1 - Port Arthur 1
BOTTOM OF THE 6TH
Port Arthur Pirates batting - Pitching for Clearwater Threshers : RHP Ray Pacheco
Batting: RHB Michael Kwiecinski 0-0: Foul Ball, location: 2F
0-1: Ball
1-1: Swinging Strike
1-2: Strikes out looking
Batting: RHB Keith Fisher 0-0: Ball
1-0: Ground out 5-3 (Groundball, 56, EV 86.3 MPH)
Batting: SHB Geoff Doggett 0-0: Foul Ball, location: 2F
0-1: Ball
1-1: Ball
2-1: SINGLE (Groundball, 56D, EV 103.1 MPH)
Batting: RHB Billy Ripken 0-0: Called Strike
Geoff Doggett steals 2nd base
0-1: Ball
1-1: Fly out, F4 (Popup, 13S, EV 75.0 MPH)
Bottom of the 6th over - 0 runs, 1 hit, 0 errors, 1 left on base; Clearwater 1 - Port Arthur 1
TOP OF THE 7TH
Clearwater Threshers batting - Pitching for Port Arthur Pirates : RHP Armando Prieto
Batting: RHB Cliff Pastornicky 0-0: Called Strike
0-1: Ball
1-1: Ball
2-1: Fly out, F5 (Line Drive, 5, EV 66.3 MPH)
Batting: RHB Pete Piskol 0-0: Swinging Strike
0-1: Swinging Strike
0-2: Strikes out swinging
Batting: RHB Drungo Hazewood 0-0: Ball
1-0: Ball
2-0: Called Strike
2-1: Ball
3-1: Called Strike
3-2: Base on Balls
Batting: RHB Pedro Hernandez 0-0: Ball
1-0: Called Strike
1-1: Ball
2-1: Ground out U3 (Groundball, 34S, EV 82.5 MPH)
Top of the 7th over - 0 runs, 0 hits, 0 errors, 1 left on base; Clearwater 1 - Port Arthur 1
BOTTOM OF THE 7TH
Port Arthur Pirates batting - Pitching for Clearwater Threshers : RHP Ray Pacheco
Batting: RHB Steve Stanicek 0-0: Ball
1-0: Foul Ball, location: 2F
1-1: Foul Ball, location: 2F
1-2: Foul Ball, location: 2F
1-2: SINGLE (Flyball, 8LS, EV 90.0 MPH)
Batting: LHB Dan Aruca 0-0: Foul Ball, location: 2F
0-1: Fly out, F7 (Flyball, 7D, EV 84.4 MPH)
Batting: LHB Allen Peake 0-0: Ball
Wild Pitch!
Steve Stanicek to second
1-0: Ball
2-0: Ball
3-0: Base on Balls
Pitching: LHP Ricky Garcia
Batting: RHB Pedro LaTorre 0-0: Ball
1-0: Called Strike
1-1: Ball
2-1: Called Strike
2-2: Foul Ball, location: 2F
2-2: Foul Ball, location: 2F
2-2: Ball
3-2: SINGLE (Line Drive, 56, EV 110.0 MPH)
Steve Stanicek to third
Allen Peake to second
Batting: LHB Chris Rehbaum 0-0: Fly out, F8 (Flyball, 89D, EV 108.8 MPH)
Runner from 3rd tags up, SCORES, throw by CF
Allen Peake to third
Batting: RHB Michael Kwiecinski 0-0: Ball
1-0: Ball
2-0: Called Strike
2-1: Fly out, F8 (Flyball, 8RS, EV 88.1 MPH)
Bottom of the 7th over - 1 run, 2 hits, 0 errors, 2 left on base; Clearwater 1 - Port Arthur 2
TOP OF THE 8TH
Clearwater Threshers batting - Pitching for Port Arthur Pirates : RHP Armando Prieto
Batting: LHB Tom Jones 0-0: Called Strike
0-1: Foul Ball, location: 2F
0-2: Ball
1-2: Strikes out swinging
Batting: RHB Vincent Beringhele 0-0: Ground out 6-3 (Groundball, 6, EV 105.6 MPH)
Batting: RHB Roy Wolfe 0-0: Ball
1-0: Ground out 5-3 (Groundball, 56, EV 86.3 MPH)
Top of the 8th over - 0 runs, 0 hits, 0 errors, 0 left on base; Clearwater 1 - Port Arthur 2
BOTTOM OF THE 8TH
Port Arthur Pirates batting - Pitching for Clearwater Threshers : LHP Ricky Garcia
Batting: RHB Keith Fisher 0-0: SOLO HOME RUN (Flyball, 7LD, EV 101.9 MPH), Distance : 354 ft
Batting: SHB Geoff Doggett 0-0: Foul Ball, location: 2F
0-1: Foul Ball, location: 2F
0-2: Ball
1-2: Ball
2-2: Ball
3-2: Ground out 5-3 (Groundball, 6S, EV 90.0 MPH)
Batting: RHB Billy Ripken 0-0: Called Strike
0-1: Ground out 5-3 (Groundball, 56, EV 102.5 MPH)
Batting: RHB Steve Stanicek 0-0: Ball
1-0: Called Strike
1-1: Ball
2-1: SOLO HOME RUN (Flyball, 7D, EV 101.9 MPH), Distance : 365 ft
Batting: LHB Dan Aruca 0-0: Ball
1-0: Ball
2-0: Ground out U3 (Groundball, 3, EV 81.9 MPH)
Bottom of the 8th over - 2 runs, 2 hits, 0 errors, 0 left on base; Clearwater 1 - Port Arthur 4
TOP OF THE 9TH
Clearwater Threshers batting - Pitching for Port Arthur Pirates : RHP Armando Prieto
Batting: RHB Ralph Antone 0-0: Ball
1-0: Foul Ball, location: 2F
1-1: SINGLE (Groundball, 6MD, EV 104.4 MPH)
Batting: RHB John Smith 0-0: Ball
1-0: Called Strike
1-1: Swinging Strike
1-2: Ball
2-2: Strikes out swinging
Batting: RHB Cliff Pastornicky 0-0: Fielders Choice at 2nd, 5-4 (Groundball, 56, EV 80.0 MPH)
Batting: RHB Pete Piskol 0-0: Ball
1-0: Ground out 4-3 (Groundball, 34, EV 84.4 MPH)
Top of the 9th over - 0 runs, 1 hit, 0 errors, 1 left on base; Clearwater 1 - Port Arthur 4
Monday, August 17th, 2020 - OOTP Baseball 21.5 Build 76